 Dungeon Crawl Stone Soup version 0.29-a0-1008-g949cc1d0fb (webtiles) character file.

Game seed: 991695954981558676

109 vurker the Shooter (level 4, -4/38 HPs)
             Began as a Minotaur Hunter on Aug 7, 2022.
             Slain by an orc
             ... wielding a +0 war axe
              (7 damage)
             ... on level 3 of the Dungeon.
             The game lasted 00:01:59 (2713 turns).

vurker the Shooter (Minotaur Hunter)                Turns: 2713, Time: 00:02:00

Health: -4/38      AC:  3    Str: 23    XL:     4   Next: 60%
Magic:  3/3        EV: 12    Int:  6    God:
Gold:   117        SH:  0    Dex: 14    Spells: 3/3 levels left

rFire   . . .      SeeInvis .   a - +0 shortbow
rCold   . . .      Faith    .   (shield currently unavailable)
rNeg    . . .      Spirit   .   c - +0 leather armour
rPois   .          Reflect  .   (helmet restricted)
rElec   .          Harm     .   (no cloak)
rCorr   .          Rampage  .   (no gloves)
Will    .....                   (no boots)
Stlth   +.........              (no amulet)
HPRegen 0.12/turn               d - +6 ring of strength
MPRegen 0.08/turn               (no ring)

@: no status effects
A: horns 2, retaliatory headbutt
a: no special abilities


You were on level 3 of the Dungeon.
You visited 1 branch of the dungeon, and saw 3 of its levels.

You collected 117 gold pieces.

Inventory:

Hand Weapons
 a - a +0 shortbow (weapon)
Armour
 c - a +0 leather armour (worn)
Jewellery
 d - a +6 ring of strength (left hand)
   (You found it on level 1 of the Dungeon)
Scrolls
 b - a scroll of immolation
 e - 3 scrolls of identify
 i - a scroll of summoning {unknown}
Potions
 f - a potion of might {unknown}
 g - 2 potions of haste
 h - a potion of heal wounds {unknown}
 j - a potion of attraction {unknown}


   Skills:
 + Level 3.3 Fighting
 * Level 5.4 Ranged Weapons
 + Level 2.0 Armour
 + Level 3.0 Dodging
 - Level 0.7 Stealth


You had 3 spell levels left.
You didn't know any spells.
Your spell library was empty.

Dungeon Overview and Level Annotations

Branches:
Dungeon (3/15)

Altars:
Ashenzari


Innate Abilities, Weirdness & Mutations

You have a pair of horns on your head.
You reflexively headbutt those who attack you in melee.


Message History

The quokka twitches its whiskers.
The quokka barely misses you. You furiously retaliate!
You headbutt the quokka.
A quokka is nearby!
You shoot an arrow. The arrow hits the quokka!
You kill the quokka!
A quokka comes into view.
You shoot an arrow.
The arrow hits the quokka but does no damage.
You hear a shout! x4
A quokka is nearby!
You shoot an arrow. The arrow hits the quokka!
You kill the quokka! 3 orcs come into view.
An orc is wielding a +0 hand axe and wearing a +2 leather armour of willpower.
Found a stone staircase leading up.
The orc shouts! x2
An orc comes into view. It is wielding a +0 hand axe.
You shoot an arrow. The arrow closely misses the orc.
An orc comes into view. It is wielding a +0 war axe.
There are monsters nearby!
You shoot an arrow. The arrow barely misses the orc.
The orc shouts!
The orc hits you with a +0 hand axe.
There are monsters nearby!
You shoot an arrow. The arrow hits the orc!
You kill the orc!
You shoot an arrow. The arrow closely misses the orc.
You shoot an arrow. The arrow hits the orc.
The orc closely misses you. The orc misses you.
You shoot an arrow. The arrow closely misses the orc.
The arrow barely misses the orc.
The orc hits you with a +0 flail!
You shoot an arrow. The arrow completely misses the orc.
The orc barely misses you. You furiously retaliate!
You headbutt the orc!
You kill the orc!
The orc hits you with a +0 flail. The orc hits you with a +0 dagger.
You shoot an arrow. The arrow hits the orc!
You kill the orc!
The orc closely misses you.
You shoot an arrow. The arrow hits the orc.
The orc barely misses you. The orc hits you with a +0 war axe.
* * * LOW HITPOINT WARNING * * *
The orc hits you with a +0 war axe!
* * * LOW HITPOINT WARNING * * *
The orc hits you with a +0 flail!
* * * LOW HITPOINT WARNING * * *
Fire: a) +0 shortbow
Aim: an orc, wielding a +0 flail and wearing a +0 leather armour (severely wounded, 62% to hit)
You shoot an arrow. The arrow barely misses the orc.
The orc hits you with a +0 war axe!
You die...

#......# ##..# #......#
#..# ##<..<##### #..#
#........# ######.#
#........# #...##.#
#.##.....# #...##†.
#.##.....# #[..##.#
#........# ##...##).
####@##### #....'...
......oo)......#....###.
...............#....# #.
...............#....###.
...............#........
...............#.#......
...............#.#).....
...<...........#.#######
.. # #


You could see 2 orcs.

Vanquished Creatures
  4 adders (D:2)
  2 worms (D:2)
  2 dart slugs (D:2)
  10 orcs (D:3)
  5 bats
  3 endoplasms
  3 goblins
  7 hobgoblins
  7 kobolds
  3 quokkas (D:3)
  2 ball pythons (D:1)
  2 frilled lizards
  2 rats
52 creatures vanquished.

Vanquished Creatures (others)
  5 withered plants (D:2)
5 creatures vanquished.

Grand Total: 57 creatures vanquished

Notes
Turn   | Place    | Note
-------+----------+-------------------------------------------
     0 | D:1      | vurker the Minotaur Hunter began the quest for the Orb.
     0 | D:1      | Reached XP level 1. HP: 18/18 MP: 0/0
   406 | D:1      | Reached XP level 2. HP: 25/25 MP: 1/1
   654 | D:1      | Reached skill level 1 in Armour
  1182 | D:2      | Found a faded altar of an unknown god.
  1337 | D:2      | Reached XP level 3. HP: 30/30 MP: 2/2
  1392 | D:2      | Reached skill level 5 in Ranged Weapons
  1569 | D:2      | Found a broken altar of Ashenzari.
  1677 | D:2      | Reached XP level 4. HP: 22/38 MP: 3/3
  2713 | D:3      | Slain by an orc

Illustrated notes

Levels and vault maps discovered:
D:1:      lightli_arrival_flooded_house, layout_basic
D:2:      minmay_alternating_diamond, layout_basic, basic_altar,
          ebering_ecumenical_altar_petrified
D:3:      layout_basic, portal_sewer_entry_f, grunt_ministairs_1,
          nrook_mini_vaults, minmay_misc_feat_square, nicolae_underground_beach

Skill      XL: |  1  2  3  4 |
---------------+-------------+-----
Armour         | 1 2 |  2.0
Fighting       | 3 |  3.3
Ranged Weapons | 5 |  5.4
Dodging        | 3 |  3.0
Stealth        | |  0.7

Action                   |  1- 3 |  4- 6 || total
-------------------------+-------+-------++-------
 Fire: Shortbow          |    89 |    66 ||   155
  Use: Scroll            |       |     3 ||     3
Armor: Leather armour    |    11 |     6 ||    17
Dodge: Dodged            |    35 |    30 ||    65

Table legend: (Time is in decaauts)
 A = Elapsed time spent in this place.
 B = Non-inter-level travel time spent in this place.
 C = Inter-level travel time spent in this place.
 D = Time resting spent in this place.
 E = Time spent auto-exploring this place.
 F = Levels seen in this place.
 G = Mean time per level.
                   A        B        C        D        E       F      G
               +--------+--------+--------+--------+--------+-----+--------+
         Total |   2754 |   2725 |     29 |      0 |   2374 |   3 |  918.0 |
       Dungeon |   2754 |   2725 |     29 |      0 |   2374 |   3 |  918.0 |
               +--------+--------+--------+--------+--------+-----+--------+

Top non-repeatable levels by time:
     D:2: 1231 daAuts
     D:1: 1170 daAuts
     D:3: 352 daAuts
